Map: Moondance

Players

DnS

  • Race: Protoss Protoss
  • Spawn Location: 12:00

Spirit - Winner!

  • Race: Terran Terran
  • Spawn Location: 6:00

Event: DreamHack SC2 Masters 2022 Atlanta (Offline)

VOD

Have the link to the VOD?

Description

Time

  • Played on: Nov. 18, 2022, 4:50 p.m.
  • Length: 27:31

All games in this series

Show
View Real Time Build Order
Export as new Build Order

DnS Protoss 

Build Orders: Phoenix Opening, Carriers, Colossus Rush 

Get SALT Encoding   

  12  0:00  Probe  
  13  0:12  Probe  
  14  0:17  Pylon  
  14  0:24  Probe (Chrono Boost)  
  15  0:36  Gateway, Probe (Chrono Boost)  
  16  0:44  Probe (Chrono Boost)  
  16  0:45  Assimilator  
  17  0:50  Probe  
  18  1:03  Probe  
  19  1:15  Probe  
  20  1:23  Cybernetics Core  
  22  1:27  Probe  
  22  1:32  Pylon  
  21  1:44  Probe  
  22  1:57  Adept (Chrono Boost), Probe  
  25  2:03  Nexus  
  25  2:07  Assimilator  
  25  2:10  Probe  
  26  2:24  Stargate  
  26  2:25  Probe  
  27  2:33  Adept  
  29  2:37  Probe  
  29  2:42  Warp Gate  
  30  2:47  Pylon  
  30  2:49  Probe  
  31  3:05  Adept  
  31  3:06  Probe (Chrono Boost)  
  31  3:10  Phoenix  
  36  3:16  Probe (Chrono Boost)  
  36  3:18  Probe (Chrono Boost)  
  38  3:25  Probe (Chrono Boost)  
  38  3:26  Probe (Chrono Boost)  
  40  3:30  Probe (Chrono Boost)  
  40  3:32  Probe  
  42  3:39  Phoenix  
  44  3:42  Probe (Chrono Boost)  
  44  3:48  Gateway, Probe (Chrono Boost)  
  46  3:50  Pylon  
  46  3:54  Probe (Chrono Boost)  
  47  3:59  Probe x2 (Chrono Boost)  
  49  4:04  Robotics Facility  
  49  4:06  Assimilator  
  49  4:08  Probe x2, Assimilator  
  51  4:12  Phoenix  
  53  4:20  Probe x2  
  55  4:26  Pylon  
  55  4:31  Pylon  
  55  4:33  Probe x2  
  55  4:37  Phoenix  
  59  4:47  Nexus  
  59  4:49  Probe  
  59  4:50  Probe  
  59  4:52  Observer  
  62  4:56  Robotics Bay  
  62  5:02  Shield Battery  
  62  5:10  Immortal (Chrono Boost)  
  62  5:14  Probe x2  
  68  5:20  Pylon  
  68  5:26  Probe x2, Forge  
  70  5:29  Twilight Council  
  70  5:32  Pylon  
  70  5:40  Probe (Chrono Boost)  
  70  5:41  Probe (Chrono Boost)  
  72  5:45  Colossus (Chrono Boost)  
  78  5:53  Probe x2 (Chrono Boost)  
  80  5:57  Charge  
  80  6:00  Probe (Chrono Boost)  
  80  6:01  Protoss Ground Weapons Level 1 (Chrono Boost), Probe (Chrono Boost)  
  82  6:05  Probe (Chrono Boost)  
  82  6:06  Extended Thermal Lance  
  82  6:07  Probe x2  
  82  6:11  Assimilator  
  85  6:17  Probe  
  86  6:23  Probe  
  86  6:24  Sentry  
  89  6:27  Photon Cannon, Probe  
  89  6:29  Pylon  
  91  6:36  Colossus (Chrono Boost)  
  91  6:38  Gateway  
  96  6:40  Gateway  
  96  6:41  Gateway  
  96  6:42  Gateway  
  96  6:48  Zealot x2  
  96  6:50  Pylon  
  100  6:58  Nexus  
  100  7:09  Zealot x2  
  100  7:10  Phoenix  
  106  7:16  Gateway  
  106  7:18  Probe  
  106  7:19  Gateway, Pylon  
  106  7:20  Probe  
  106  7:21  Probe  
  109  7:25  Colossus (Chrono Boost)  
  115  7:34  Templar Archives, Probe  
  115  7:35  Probe  
  115  7:36  Probe  
  118  7:42  Shield Battery, Blink  
  118  7:44  Pylon  
  118  7:46  Probe  
  118  7:48  Protoss Ground Weapons Level 2 (Chrono Boost)  
  119  7:56  Probe, Pylon  
  119  7:58  Probe  
  121  8:04  Zealot x2  
  125  8:06  Probe  
  125  8:08  Probe  
  125  8:11  Pylon  
  126  8:14  Warp Prism (Chrono Boost)  
  128  8:20  Stalker x3  
  128  8:22  High Templar  
  128  8:23  High Templar  
  138  8:27  Archon  
  138  8:32  Probe x4  
  138  8:33  Photon Cannon  
  142  8:34  Assimilator  
  142  8:35  Shield Battery  
  142  8:39  Zealot, High Templar x2  
  144  8:45  Archon  
  144  8:51  Zealot, High Templar x2  
  144  8:54  Probe  
  144  8:55  Probe  
  152  8:57  Assimilator  
  152  8:59  Archon  
  152  9:00  Disruptor (Chrono Boost)  
  152  9:02  Robotics Facility  
  155  9:04  Zealot x3  
  161  9:11  Forge  
  161  9:12  Gateway  
  161  9:13  Gateway  
  161  9:17  Zealot  
  161  9:18  Zealot x2  
  163  9:28  Pylon  
  163  9:29  Pylon x2  
  163  9:31  Shield Battery  
  163  9:32  Photon Cannon  
  163  9:33  Nexus, Pylon  
  163  9:37  Pylon  
  163  9:41  Dark Shrine  
  163  9:50  Disruptor (Chrono Boost)  
  163  9:51  Disruptor (Chrono Boost)  
  169  9:54  Pylon  
  169  10:03  Zealot x8  
  169  10:07  Shield Battery  
  185  10:08  Shield Battery  
  185  10:12  Protoss Ground Weapons Level 3 (Chrono Boost)  
  181  10:15  Disruptor x2 (Chrono Boost)  
  181  10:17  Protoss Ground Armor Level 1 (Chrono Boost)  
  179  10:25  Probe x2  
  179  10:26  Probe x2  
  179  10:27  Photon Cannon  
  179  10:29  Photon Cannon  
  179  10:31  Pylon  
  179  10:32  Photon Cannon  
  179  10:34  Photon Cannon  
  179  10:35  Pylon  
  179  10:39  Fleet Beacon  
  179  10:50  Stargate  
  179  10:52  Disruptor (Chrono Boost), Stargate  
  179  10:53  Disruptor (Chrono Boost)  
  185  11:00  Protoss Air Weapons Level 1 (Chrono Boost)  
  185  11:02  Zealot x3, Stalker x2  
  187  11:24  Carrier  
  187  11:25  Disruptor  
  189  11:30  Photon Cannon  
  192  11:33  Photon Cannon, Assimilator  
  192  11:34  Assimilator  
  192  11:37  Photon Cannon  
  192  11:38  Photon Cannon, Pylon  
  192  11:39  Zealot x4  
  199  11:50  Nexus  
  196  12:11  Zealot x2  
  196  12:13  Shadow Stride (Chrono Boost)  
  200  12:18  Protoss Ground Armor Level 2 (Chrono Boost)  
  200  12:28  Nexus  
  194  12:33  Zealot x3  
  188  12:41  Stalker x7  
  184  12:58  Nexus  
  182  12:59  Nexus  
  185  13:07  Carrier (Chrono Boost), Probe x2  
  186  13:28  Protoss Air Weapons Level 2 (Chrono Boost)  
  186  13:30  Carrier (Chrono Boost)  
  192  13:36  Dark Templar x2  
  196  13:42  Assimilator  
  196  13:45  Carrier (Chrono Boost)  
  199  14:19  Protoss Shields Level 1 (Chrono Boost)  
  199  14:20  Carrier (Chrono Boost)  
  199  14:29  Nexus  
  197  14:32  Stargate  
  197  14:37  Stargate  
  197  14:42  Protoss Ground Armor Level 3 (Chrono Boost)  
  197  14:57  Robotics Facility  
  197  14:58  Pylon  
  197  15:00  Pylon  
  197  15:12  Pylon  
  195  15:16  Observer  
  195  15:18  Gravitic Boosters, Pylon  
  184  15:23  Stalker x3  
  184  15:28  Carrier x2  
  194  15:37  Tempest  
  191  15:43  Dark Templar x3  
  191  15:47  Zealot  
  197  15:55  Zealot x6  
  195  16:10  Probe x5  
  186  16:23  Probe x2  
  186  16:24  Probe x3  
  183  16:31  High Templar x4  
  183  16:32  Sentry  
  193  16:35  Probe  
  193  16:36  Archon, Probe x2  
  193  16:37  Archon  
  196  16:42  Disruptor  
  196  16:44  Observer  
  200  16:51  Assimilator  
  200  16:53  Photon Cannon, Assimilator  
  200  16:55  Shield Battery  
  200  17:00  Protoss Shields Level 2 (Chrono Boost)  
  200  17:11  Protoss Air Weapons Level 3 (Chrono Boost)  
  192  17:22  Carrier  
  190  17:31  Carrier  
  190  17:35  Nexus  
  188  17:47  Carrier  
  194  17:52  Stalker x2  
  194  17:54  Pylon  
  198  17:59  Observer  
  198  18:02  Pylon  
  199  18:15  Pylon  
  199  18:25  Photon Cannon  
  199  18:28  Photon Cannon  
  199  18:30  Shield Battery  
  199  18:31  Assimilator  
  199  18:35  Gateway  
  199  18:38  Gateway  
  199  19:07  Observer  
  193  19:31  Protoss Air Armor Level 1 (Chrono Boost)  
  193  19:37  Carrier x2  
  187  19:52  Disruptor  
  199  20:03  Nexus  
  199  20:04  Pylon  
  199  20:06  Stalker x7  
  160  20:32  Zealot x5  
  160  20:35  Disruptor (Chrono Boost)  
  168  20:37  Disruptor (Chrono Boost)  
  168  20:41  Dark Templar  
  167  20:47  Stalker x3  
  167  20:48  Carrier x2 (Chrono Boost), Stalker x2  
  155  20:52  Unknown  
  165  21:00  Carrier (Chrono Boost)  
  183  21:08  Disruptor (Chrono Boost)  
  183  21:10  Carrier x2 (Chrono Boost)  
  182  21:14  Zealot  
  182  21:15  Zealot x10  
  130  21:35  Zealot x11  
  125  21:48  Disruptor (Chrono Boost)  
  126  21:56  Robotics Facility  
  122  22:10  Sentry  
  124  22:16  Dark Templar  
  124  22:18  Disruptor (Chrono Boost)  
  129  22:24  Probe x4  
  129  22:25  Probe  
  129  22:27  Probe  
  129  22:29  High Templar  
  137  22:30  High Templar x3  
  137  22:33  Archon  
  137  22:34  Archon, Stalker x2  
  137  22:36  Probe  
  148  22:43  Disruptor (Chrono Boost)  
  126  22:44  Observer  
  129  22:57  Probe x3  
  129  22:58  Probe  
  133  22:59  Shield Battery  
  133  23:00  Zealot, Assimilator  
  133  23:01  Assimilator  
  135  23:09  Stalker x3  
  135  23:10  Zealot x3  
  147  23:16  Stalker x2  
  147  23:19  Zealot  
  151  23:29  Dark Templar  
  151  23:30  Zealot x3  
  159  23:39  Stalker x5  
  148  23:48  Dark Templar  
  148  23:49  Zealot  
  148  24:03  Zealot x2  
  148  24:04  Zealot x3  
  158  24:10  Dark Templar  
  155  24:21  Zealot x5  
  151  24:26  Dark Templar  
  145  24:31  Zealot x2  
  143  24:50  Disruptor (Chrono Boost)  
  144  24:54  Stalker x4  
  109  25:20  Sentry  
  109  25:21  Disruptor (Chrono Boost), Zealot x6  
  120  25:46  Disruptor (Chrono Boost)  
  120  25:47  Zealot x3, Stalker x2  
  133  25:55  Dark Templar  
  133  26:18  Stalker x5  
  97  27:12  Nexus  
Show
View Real Time Build Order
Export as new Build Order

Spirit Terran - Winner!

Build Orders:  

Get SALT Encoding   

  12  0:00  SCV  
  13  0:12  SCV  
  14  0:16  Supply Depot  
  14  0:24  SCV  
  15  0:38  SCV  
  15  0:39  Barracks  
  16  0:50  SCV  
  16  0:51  Refinery  
  17  1:00  Engineering Bay  
  17  1:03  SCV  
  18  1:15  SCV  
  19  1:27  Orbital Command, Marine  
  20  1:47  Barracks Reactor  
  20  1:54  SCV  
  20  1:57  Command Center  
  21  2:04  Supply Depot  
  21  2:06  SCV  
  22  2:16  Factory  
  22  2:18  SCV  
  23  2:25  Marine x2  
  23  2:27  Bunker  
  25  2:31  SCV  
  26  2:43  SCV, Marine x2  
  29  2:56  SCV  
  30  3:08  Orbital Command  
  30  3:09  Hellion  
  30  3:10  SCV  
  33  3:17  Command Center  
  33  3:20  Marine  
  33  3:22  SCV  
  33  3:23  Marine  
  36  3:30  Factory Tech Lab  
  36  3:34  SCV  
  37  3:35  SCV  
  37  3:39  Marine  
  38  3:41  Marine  
  38  3:46  SCV  
  38  3:47  SCV  
  38  3:48  Cyclone  
  44  3:52  Supply Depot  
  44  3:58  Supply Depot, SCV  
  44  3:59  SCV  
  44  4:04  Engineering Bay  
  44  4:05  Barracks  
  44  4:06  Refinery  
  44  4:10  SCV, Marine  
  44  4:13  SCV, Marine  
  48  4:20  Siege Tank  
  48  4:22  SCV  
  52  4:25  SCV  
  52  4:29  Orbital Command  
  53  4:34  SCV  
  53  4:36  Missile Turret, Marine x2  
  53  4:37  SCV  
  57  4:45  Barracks  
  57  4:46  SCV  
  57  4:47  Refinery  
  57  4:50  SCV  
  62  4:56  Barracks Tech Lab  
  62  4:57  Marine x2  
  62  4:58  SCV  
  65  5:00  Cyclone  
  65  5:02  SCV  
  65  5:09  Missile Turret  
  65  5:10  SCV  
  65  5:14  Supply Depot, Marine  
  65  5:15  Marine  
  65  5:16  Stimpack, Marine, Orbital Command  
  65  5:18  Starport  
  65  5:19  Refinery  
  65  5:21  SCV x2  
  70  5:32  Supply Depot  
  70  5:33  SCV x2  
  72  5:35  Siege Tank  
  72  5:38  Terran Infantry Weapons Level 1  
  72  5:40  Barracks Tech Lab  
  72  5:42  Supply Depot, SCV  
  76  5:45  SCV x2  
  76  5:49  Marine x2  
  81  5:50  Marauder  
  81  5:54  SCV  
  83  5:57  SCV  
  83  5:58  Starport Reactor  
  83  6:00  SCV  
  83  6:02  Barracks, Missile Turret  
  83  6:03  Barracks  
  83  6:06  SCV  
  83  6:07  Marauder  
  83  6:09  SCV  
  87  6:12  SCV  
  87  6:13  Siege Tank  
  87  6:15  Marauder  
  87  6:16  Combat Shield  
  93  6:18  SCV  
  93  6:24  SCV  
  94  6:26  SCV  
  94  6:27  Supply Depot  
  94  6:28  Supply Depot, Marauder, Marine  
  94  6:32  Supply Depot, SCV, Marine  
  99  6:36  SCV  
  101  6:46  Supply Depot  
  101  6:47  Bunker  
  101  6:48  SCV x3, Medivac, Marauder, Marine  
  101  6:50  Medivac, Siege Tank  
  114  6:54  Supply Depot x2  
  114  6:58  Barracks Reactor, Barracks Tech Lab  
  114  7:00  SCV  
  114  7:02  SCV  
  112  7:10  SCV  
  112  7:12  Marauder, Marine  
  112  7:15  SCV  
  117  7:16  Command Center  
  117  7:18  Refinery, Medivac  
  117  7:19  Refinery  
  117  7:22  Marauder  
  121  7:24  Supply Depot  
  121  7:25  SCV  
  121  7:26  Marauder  
  121  7:28  SCV  
  125  7:32  SCV  
  125  7:33  Terran Infantry Armor Level 1  
  126  7:37  Ghost Academy  
  126  7:40  Armory  
  126  7:41  Marauder  
  126  7:42  SCV  
  126  7:43  Engineering Bay, Marauder  
  131  7:44  Marine  
  131  7:47  Concussive Shells  
  131  7:48  Marauder  
  131  7:49  Marine x2  
  131  7:50  SCV  
  137  7:53  SCV  
  137  7:57  Supply Depot  
  137  7:58  SCV, Marine  
  139  8:00  Supply Depot  
  139  8:02  Marauder  
  139  8:03  Medivac x2  
  139  8:05  SCV  
  149  8:06  Marauder  
  149  8:12  SCV x2  
  148  8:17  SCV  
  148  8:19  Marauder, Marine  
  150  8:21  Marine  
  150  8:24  SCV x2, Marauder  
  150  8:25  Marine  
  158  8:27  Marauder  
  158  8:29  SCV, Orbital Command  
  158  8:32  Refinery  
  158  8:33  Medivac x2  
  163  8:36  SCV, Marine  
  163  8:40  Marine  
  163  8:41  SCV, Marauder  
  169  8:45  Marauder  
  171  8:51  Siege Tank  
  171  8:52  Terran Infantry Weapons Level 2  
  171  8:55  SCV x2, Enhanced Shockwaves  
  170  8:56  SCV  
  170  8:57  SCV  
  170  9:00  Supply Depot  
  172  9:07  SCV x2, Ghost  
  176  9:10  Starport  
  176  9:12  Ghost  
  177  9:20  Ghost  
  179  9:30  Barracks x2  
  179  9:31  Command Center, Terran Ship Weapons Level 1  
  179  9:32  Barracks  
  179  9:33  Supply Depot  
  179  9:37  Ghost  
  181  9:41  Ghost  
  183  9:48  Starport Reactor  
  183  9:50  Command Center, Terran Infantry Armor Level 2  
  183  9:56  Command Center  
  182  10:03  Fusion Core  
  182  10:04  Marine x2  
  182  10:05  Armory  
  182  10:07  Marine  
  184  10:11  Marauder, Marine  
  185  10:17  Marauder  
  187  10:22  Viking  
  187  10:23  Viking  
  187  10:27  Ghost  
  187  10:28  Barracks Tech Lab  
  193  10:29  Barracks Tech Lab x2  
  193  10:34  Missile Turret  
  191  10:37  Missile Turret  
  191  10:38  Missile Turret x2  
  191  10:39  Missile Turret  
  191  10:44  Sensor Tower  
  191  10:48  Ghost  
  193  10:51  Sensor Tower  
  193  10:52  Ghost  
  195  11:01  Marauder, Marine  
  195  11:03  Orbital Command  
  198  11:06  Marauder  
  200  11:18  Terran Infantry Weapons Level 3  
  198  11:25  Marauder  
  197  11:40  Marauder, Marine  
  197  11:45  Marine  
  199  11:48  Marine  
  200  11:57  Orbital Command  
  200  12:07  Terran Infantry Armor Level 3  
  200  12:08  Terran Vehicle And Ship Armor Level 1, Personal Cloaking, Terran Ship Weapons Level 2  
  200  12:17  Command Center  
  200  12:23  Marine  
  200  12:27  Marine  
  199  12:30  Marine  
  199  12:35  Marauder x2  
  200  12:40  Marine  
  200  12:41  Marauder  
  200  12:42  Marauder, Marine  
  200  12:43  Marine  
  171  12:46  Liberator x3, Marine  
  171  12:49  Marine  
  171  12:51  Marauder  
  170  12:56  Marauder x2  
  174  12:58  Marine  
  174  12:59  Marine  
  174  13:02  Marauder x2  
  174  13:04  Marauder, Marine  
  171  13:06  Marine  
  171  13:12  Marauder  
  172  13:16  Marine  
  172  13:17  Marine, Planetary Fortress  
  172  13:18  Marauder x2, Starport  
  175  13:22  Marine  
  175  13:23  Marauder  
  175  13:24  Marauder, Marine  
  175  13:25  Marauder  
  183  13:31  Viking  
  183  13:33  Viking x3, Marauder  
  193  13:34  Marine  
  193  13:35  Marine  
  193  13:38  Marine, Ghost  
  193  13:40  Marine  
  199  13:42  Missile Turret, Sensor Tower, Marine  
  199  13:45  Missile Turret  
  199  13:46  Refinery x2  
  200  13:52  Marine  
  200  13:53  Marine  
  200  14:01  Liberator  
  198  14:04  Marauder  
  200  14:25  Missile Turret  
  200  14:50  Starport Reactor  
  197  15:00  Medivac x3  
  200  15:10  Terran Ship Weapons Level 3, Terran Vehicle And Ship Armor Level 2  
  200  15:15  Missile Turret x2  
  200  15:19  Command Center  
  200  15:24  Command Center  
  200  15:28  Viking  
  198  15:40  Marine x7  
  198  15:42  Viking  
  198  15:46  Viking  
  198  15:49  Sensor Tower  
  194  15:52  Viking  
  194  15:53  Viking x2  
  199  16:09  Viking  
  197  16:14  Viking  
  197  16:18  Viking  
  194  16:19  Marine x2  
  194  16:21  Ghost  
  194  16:22  Viking, Marine  
  194  16:23  Viking  
  185  16:30  Command Center  
  185  16:31  Viking  
  187  16:39  Viking  
  189  16:45  Nuke  
  189  16:47  Liberator, Missile Turret  
  189  16:51  Liberator  
  195  17:01  Viking x2  
  199  17:11  Viking  
  199  17:15  Viking  
  191  17:30  Viking  
  191  17:31  Viking  
  192  17:40  Viking x2  
  192  17:41  Viking  
  198  17:45  Viking  
  198  17:48  Planetary Fortress  
  200  17:56  Missile Turret  
  198  18:00  Viking  
  198  18:03  Refinery  
  198  18:04  Missile Turret  
  200  18:06  Refinery, Terran Vehicle And Ship Armor Level 3  
  200  18:11  Nuke  
  200  18:21  Missile Turret  
  200  18:24  Sensor Tower  
  200  18:47  Viking x2  
  200  18:54  Starport  
  200  19:07  Sensor Tower  
  196  19:17  Viking x2  
  200  19:31  Starport Reactor  
  200  19:32  Starport Tech Lab  
  200  19:35  Starport  
  200  19:36  Starport  
  197  19:51  Liberator x2  
  198  19:54  Marauder, Marine  
  198  20:05  Marine  
  198  20:26  Marine  
  198  20:27  Marauder  
  198  20:28  Marauder, Marine  
  183  20:29  Viking x2  
  183  20:30  Marauder, Marine  
  183  20:31  Marauder x2  
  183  20:35  Marine  
  189  20:36  Marauder  
  187  20:46  Marine  
  187  20:48  Marauder, Marine x2  
  187  20:49  Marauder  
  186  20:52  Marauder x3  
  186  20:53  Marine  
  186  20:56  Liberator  
  198  20:57  Marauder  
  198  21:04  Command Center, Marine  
  199  21:06  Marine  
  199  21:11  Marauder  
  196  21:13  Marauder x2  
  196  21:18  Marauder  
  196  21:19  Marine  
  196  21:20  Marauder, Marine x2  
  196  21:21  Marine  
  196  21:24  Liberator, Marine  
  173  21:30  Liberator  
  173  21:31  Liberator  
  173  21:32  Marauder  
  171  21:35  Marauder x2  
  171  21:37  Marine  
  171  21:38  Marauder, Marine  
  171  21:39  Marine  
  166  21:40  Marauder  
  166  21:41  Marauder  
  166  21:42  Marine  
  158  21:47  Liberator  
  158  21:51  Planetary Fortress  
  158  21:53  Marine  
  151  21:55  Marine  
  151  22:00  Medivac x2  
  163  22:01  SCV x2  
  166  22:13  Marine, Ghost x6  
  166  22:14  Marine x3  
  183  22:29  SCV  
  184  22:31  Marine x4  
  184  22:33  Missile Turret  
  184  22:35  Refinery x2  
  190  22:41  SCV, Ghost x5  
  190  22:42  Marine  
  179  22:47  Viking x5  
  179  22:49  Refinery, Marine x4  
  179  22:50  Viking  
  179  22:51  Refinery  
  184  22:57  Viking x3  
  190  22:59  Marine  
  191  23:07  Marine x4  
  191  23:10  Marine x3  
  191  23:11  Marauder  
  191  23:12  Planetary Fortress  
  199  23:19  Missile Turret  
  199  23:20  Marine  
  198  23:43  Viking  
  197  23:52  Viking  
  199  23:57  Viking  
  199  24:00  Viking  
  199  24:01  Viking  
  181  24:24  Viking x4  
  181  24:27  Viking  
  181  24:30  Viking  
  195  24:31  Viking  
  195  24:35  Marine x4  
  196  24:45  Marine x5  
  196  24:47  Marine  
  197  24:53  Marine x3  
  197  24:54  Viking  
  192  25:03  Marine  
  174  25:07  Liberator  
  174  25:13  Marine  
  174  25:14  Marauder, Marine x5  
  173  25:17  Medivac  
  173  25:18  Medivac x2  
  183  25:28  Viking  
  183  25:29  Viking  
  183  25:30  Marine  
  183  25:31  Marauder x2  
  183  25:32  Marine  
  183  25:35  SCV  
  194  25:36  Orbital Command  
  194  25:39  Smart Servos  
  194  25:42  Marine x2  
  199  25:43  Marauder x2  
  199  25:48  Command Center  
  200  25:50  Missile Turret  
  199  26:04  SCV  
  199  26:10  Missile Turret  
  200  26:14  Sensor Tower  
  200  26:31  Command Center  
  191  26:39  Liberator x3  
  194  26:52  Marine  
  194  27:00  Marine x2  
  194  27:04  Marauder  
  194  27:08  Marauder  
Tags
 
Add a new tag
Caveats
  • Supply blocks, unpowered buildings, or Contaminate may cause inaccurate times.
  • Supply counts are checked every 10 seconds.